 Dungeon Crawl Stone Soup version 0.30-a0-778-g2ef04afb54 (webtiles) character file.

Game seed: 6015791460095624818

42 Anon1729 the Chopper (level 3, -1/33 HPs)
             Began as a Minotaur Monk on Feb 15, 2023.
             Was a Priest of Makhleb.
             Slain by a water moccasin (2 damage)
             ... on level 3 of the Dungeon.
             The game lasted 00:01:59 (1681 turns).

Anon1729 the Chopper (Minotaur Monk)                Turns: 1681, Time: 00:02:00

Health: -1/33      AC:  8    Str: 17    XL:     3   Next: 33%
Magic:  2/2        EV:  7    Int:  7    God:    Makhleb [***...]
Gold:   97         SH:  0    Dex: 12    Spells: 2/2 levels left

rFire   . . .      SeeInvis .    a - +0 hand axe
rCold   . . .      Faith    .    (no shield)
rNeg    . . .      Spirit   .    r - +0 chain mail
rPois   .          Reflect  .    (helmet restricted)
rElec   .          Harm     .    (no cloak)
rCorr   .          Rampage  .    (no gloves)
Will    .....                    (no boots) Stlth
                                 (no amulet)
HPRegen 0.25/turn                (no ring)
MPRegen 0.08/turn                (no ring)

@: lethally poisoned (-1 -> -1)
A: horns 2, retaliatory headbutt
a: Renounce Religion, Minor Destruction, Lesser Servant of Makhleb


You were on level 3 of the Dungeon.
You worshipped Makhleb.
Makhleb was most pleased with you.
You visited 1 branch of the dungeon, and saw 3 of its levels.

You collected 97 gold pieces.

Inventory:

Hand Weapons
 a - a +0 hand axe (weapon)
Missiles
 n - 4 curare-tipped darts (quivered)
Armour
 b - a +0 robe
 l - a +0 scale mail
 o - the +1 leather armour of the Beginning {SInv}
   (You found it on level 2 of the Dungeon)

   SInv:      It lets you see invisible.
 r - a +0 chain mail (worn)
Scrolls
 d - a scroll of torment {unknown}
 g - 2 scrolls of amnesia {unknown}
 i - a scroll of enchant weapon {unknown}
 k - a scroll of identify {unknown}
 q - a scroll of brand weapon {unknown}
Potions
 c - a potion of ambrosia
 e - a potion of brilliance {unknown}
 f - a potion of haste {unknown}
 h - a potion of degeneration {unknown}
 j - a potion of attraction {unknown}
 m - a potion of curing {unknown}
 p - a potion of magic {unknown}


   Skills:
 + Level 4.1 Fighting
 * Level 4.3 Axes
 + Level 1.2 Armour
 + Level 3.6 Dodging
 - Level 1.6 Stealth
 * Level 0.5 Invocations


You had 2 spell levels left.
You didn't know any spells.
Your spell library contained the following spells:

 Spells                   Type           Power      Damage    Failure   Level
 Freeze                   Ice            0%         1d3       100%        1
 Frozen Ramparts          Ice            0%         1d1       100%        3
 Hailstorm                Conj/Ice       0%         3d3       100%        3
 Ignite Poison            Fire/Tmut/Pois 0%         N/A       100%        3
 Kindle Blastsparks       Fire/Tloc/Air  0%         2d10      100%        3
 Ozocubu's Armour         Ice            0%         N/A       100%        3
 Freezing Cloud           Conj/Ice/Air   0%         6-21      100%        5
 Ozocubu's Refrigeration  Ice            0%         4d7       100%        7


Dungeon Overview and Level Annotations

Branches:
Dungeon (3/15)

Altars:
Makhleb

Shops:
D:2 !

Annotations:
D:2 1 runed translucent door, Crazy Yiuf


Innate Abilities, Weirdness & Mutations

You have a pair of horns on your head.
You reflexively headbutt those who attack you in melee.


Message History

You feel sick. The water moccasin bites you.
The water moccasin barely misses you.
You are too injured to fight recklessly!
You are too injured to fight recklessly!
You are too injured to fight recklessly!
You are too injured to fight recklessly!
You are too injured to fight recklessly!
You are too injured to fight recklessly!
You are too injured to fight recklessly!
You are too injured to fight recklessly!
You are too injured to fight recklessly!
You are too injured to fight recklessly!
You are too injured to fight recklessly!
You are too injured to fight recklessly!
You are too injured to fight recklessly!
You are too injured to fight recklessly!
You are too injured to fight recklessly!
You are too injured to fight recklessly!
You are too injured to fight recklessly!
You are too injured to fight recklessly!
You are too injured to fight recklessly!
You are too injured to fight recklessly!
You slash the water moccasin!
The water moccasin is almost dead.
You feel sick. The water moccasin barely misses you. You furiously retaliate!
You headbutt the water moccasin. You barely miss the water moccasin.
The water moccasin is almost dead.
You feel sick. The water moccasin bites you.
* * * LOW HITPOINT WARNING * * *
The water moccasin barely misses you.
You miss the water moccasin.
The water moccasin is almost dead.
You feel sick. The water moccasin bites you.
* * * LOW HITPOINT WARNING * * *
You hit the water moccasin.
The water moccasin is almost dead.
* * * LOW HITPOINT WARNING * * *
You feel sick. The water moccasin bites you.
You die...

...#.....[..#
###.########.#
#.# #.# #.#
#.# ####.#
.#####....#
.......@..#
.#####.S..#
##.#.# ....#
.#.### #.#.# #
#.# ..#


You could see a water moccasin.

Vanquished Creatures
  A dart slug (D:2)
  4 ball pythons
  4 endoplasms
  2 giant cockroaches
  4 goblins (D:1)
  3 hobgoblins
  3 kobolds (D:2)
  A quokka (D:1)
  7 bats
  A frilled lizard (D:2)
  4 rats
34 creatures vanquished.

Notes
Turn   | Place    | Note
-------+----------+-------------------------------------------
     0 | D:1      | Anon1729 the Minotaur Monk began the quest for the Orb.
     0 | D:1      | Reached XP level 1. HP: 19/19 MP: 0/0
   235 | D:1      | Found a faded altar of an unknown god.
   248 | D:1      | Reached XP level 2. HP: 11/27 MP: 1/1
   251 | D:1      | Prayed at the altar of an unknown god.
   251 | D:1      | Became a worshipper of Makhleb the Destroyer
   251 | D:1      | Reached * piety under Makhleb
   251 | D:1      | Reached ** piety under Makhleb
   737 | D:1      | Reached *** piety under Makhleb
   779 | D:1      | Reached skill level 1 in Armour
  1062 | D:2      | Reached XP level 3. HP: 29/33 MP: 2/2
  1121 | D:2      | Identified the +1 leather armour of the Beginning {SInv}
  1172 | D:2      | Found Nammesho's Distillery.
  1281 | D:2      | Found a runed translucent door.
  1282 | D:2      | Noticed Crazy Yiuf
  1668 | D:3      | Noticed a water moccasin
  1681 | D:3      | HP: 1/33 [poisoned by a water moccasin]
  1681 | D:3      | Slain by a water moccasin

Illustrated notes

Levels and vault maps discovered:
D:1:      scummos_arrival_forest, layout_basic,
          ebering_ecumenical_altar_abandoned
D:2:      layout_rooms, serial_shops, nicolae_shop_hallway_stairs,
          kennysheep_small_spiral, uniq_crazy_yiuf_cottage
D:3:      layout_loops_ring, uniq_jessica

Skill      XL: |  1  2 |
---------------+-------+-----
Axes           | 4 |  4.3
Armour         | 1 |  1.2
Fighting       | 4 |  4.1
Dodging        | |  3.6
Stealth        | |  1.6
Invocations    | |  0.5

Action                     || total
---------------------------++-------
  Melee: Hand axe          ||    71
         Headbutt          ||    11
         Punch             ||     1
   Stab: Sleeping          ||     1
 Armour: Robe              ||     6
         Chain mail        ||     8
         Scale mail        ||     2
  Dodge: Dodged            ||    42

Table legend: (Time is in decaauts)
 A = Elapsed time spent in this place.
 B = Non-inter-level travel time spent in this place.
 C = Inter-level travel time spent in this place.
 D = Time resting spent in this place.
 E = Time spent auto-exploring this place.
 F = Levels seen in this place.
 G = Mean time per level.
                   A        B        C        D        E       F      G
               +--------+--------+--------+--------+--------+-----+--------+
         Total |   1687 |   1602 |     85 |      0 |   1352 |   3 |  562.3 |
       Dungeon |   1687 |   1602 |     85 |      0 |   1352 |   3 |  562.3 |
               +--------+--------+--------+--------+--------+-----+--------+

Top non-repeatable levels by time:
     D:1: 993 daAuts
     D:2: 629 daAuts
     D:3: 63 daAuts
